 Dungeon Crawl Stone Soup version 0.32-a0-818-gb728d0252e (webtiles) character file.

Game seed: 9519411141328635985

65 smashvw the Trooper (level 4, 0/24 HPs)
             Began as a Vine Stalker Fighter on Mar 24, 2024.
             Slain by a gnoll
             ... wielding a +0 spear
              (6 damage)
             ... on level 2 of the Dungeon.
             The game lasted 00:02:24 (1054 turns).

smashvw the Trooper (Vine Stalker Fighter)          Turns: 1054, Time: 00:02:25

Health: 0/24       AC:  6    Str: 18    XL:     4   Next: 13%
Magic:  0/5        EV:  8    Int:  8    God:
Gold:   38         SH:  5    Dex: 16    Spells: 3/3 levels left

rFire   . . .        a - +0 rapier
rCold   . . .        c - +0 buckler
rNeg    . . .        b - +0 scale mail
rPois   .            (no helmet)
rElec   .            (no cloak)
rCorr   .            (no gloves)
SInv    .            (no boots)
Will    .....        (no amulet) Stlth
                     (no ring)
HPRegen 1.04/turn    (no ring)
MPRegen 0.09/turn

%: guardian spirit
@: no status effects
A: fangs 2, regeneration 1, magic shield, antimagic bite, no potion heal 2
a: no special abilities


You were on level 2 of the Dungeon.
You visited 1 branch of the dungeon, and saw 2 of its levels.

You collected 38 gold pieces.

Inventory:

Hand Weapons
 a - a +0 rapier (weapon)
Armour
 b - a +0 scale mail (worn)
 c - a +0 buckler (worn)
Scrolls
 e - 2 scrolls of identify {unknown}
 h - a scroll of noise {unknown}
 j - a scroll of enchant armour {unknown}
 k - a scroll of butterflies {unknown}
Potions
 d - a potion of might
 f - 2 potions of brilliance {unknown}
 g - a potion of curing {unknown}
 i - 2 potions of haste {unknown}


   Skills:
 + Level 3.3 Fighting
 + Level 2.6 Short Blades
 - Level 2.4 Armour
 + Level 3.3 Shields


You had 3 spell levels left.
You didn't know any spells.
Your spell library was empty.

Dungeon Overview and Level Annotations

Branches:
Dungeon (2/15)

Altars:


Innate Abilities, Weirdness & Mutations

You have extremely sharp teeth.
Your natural rate of healing is unusually fast.
When hurt, damage is shared between your health and your magic reserves.
Your bite disrupts and absorbs the magic of your enemies.
Potions cannot restore your health.


Message History

You hit the gnoll.
The gnoll is heavily wounded.
The gnoll hits you but does no damage.
You barely miss the gnoll. Your bite misses the gnoll.
The gnoll is heavily wounded.
The gnoll hits you with a +0 club.
You hit the gnoll. Your bite misses the gnoll.
The gnoll is heavily wounded.
The gnoll hits you but does no damage.
You hit the gnoll.
The gnoll is almost dead.
The gnoll hits you with a +0 club.
You hit the gnoll.
You kill the gnoll!
You hit the gnoll but do no damage. You block the gnoll's attack. x2
You hit the gnoll. You bite the gnoll. You drain its power.
You feel invigorated.
The gnoll is heavily wounded.
The gnoll closely misses you. You block the gnoll's attack.
You hit the gnoll. You bite the gnoll, but do no damage.
The gnoll is heavily wounded.
The gnoll hits you with a +0 flail.
The gnoll hits you from afar with a +0 spear.
The gnoll completely misses you.
You hit the gnoll.
The gnoll is severely wounded.
The gnoll hits you but does no damage. The gnoll hits you with a +0 flail!
You closely miss the gnoll. You bite the gnoll.
You kill the gnoll!
The gnoll hits you from afar with a +0 spear.
* * * LOW HITPOINT WARNING * * *
You have reached level 4!
You feel agile. The gnoll hits you with a +0 spear.
* * * LOW HITPOINT WARNING * * *
Things that are here:
a +0 flail; a +0 club; a gnoll corpse You barely miss the gnoll.
The gnoll barely misses you. The gnoll hits you with a +0 spear.
You die...

#. #. ... ................'.
.#..#.##.###.........#...#.#.
...........#.#.###.#.#...#.#.
#.......#.#.#.# #.#.#.....'.
#......g#[#.#.# #.#.#.....#.
####..#.#.#.#.###.#.#.....#.
#....†.........#.#.....#.
#.....#.#g#.#####.#.....#.
#.....#.#@#.......#.....##
#.....#.#.#########.......
##..#.#.#........ ........
....#.#.#......## ...##
##...#.#.#......+ .. #..
#.#.##.....# ######


You could see a gnoll.

Vanquished Creatures
  2 gnolls (D:2)
  An adder (D:2)
  A dart slug (D:1)
  A ribbon worm (D:2)
  3 ball pythons
  A bat (D:1)
  4 endoplasms
  A giant cockroach (D:2)
  3 goblins (D:1)
  5 hobgoblins
  2 quokkas
  3 kobolds (D:1)
  4 rats
31 creatures vanquished.

Notes
Turn   | Place    | Note
-------+----------+-------------------------------------------
     0 | D:1      | smashvw the Vine Stalker Fighter began the quest for the
                  | Orb.
     0 | D:1      | Reached XP level 1. HP: 11/11 MP: 2/2
   153 | D:1      | Reached XP level 2. HP: 16/16 MP: 3/3
   307 | D:1      | You fall into a shaft and drop 1 floor!
   379 | D:2      | Reached XP level 3. HP: 20/20 MP: 4/4
   458 | D:1      | Noticed a shining eye
   462 | D:1      | Found a faded altar of an unknown god.
   464 | D:1      | Noticed an eye of devastation
   464 | D:1      | Noticed a golden eye
   464 | D:1      | Noticed a great orb of eyes
  1053 | D:2      | Reached XP level 4. HP: 7/24 MP: 0/5
  1054 | D:2      | Slain by a gnoll

Illustrated notes

Levels and vault maps discovered:
D:1:      minmay_arrival_loop, layout_loops_ring,
          hellmonk_ecumenical_altar_watching_god
D:2:      layout_basic

Skill      XL: |  1  2 |
---------------+-------+-----
Short Blades   | 2 |  2.6
Fighting       | 3 |  3.3
Shields        | 3 |  3.3
Armour         | |  2.4

Action                     |  1- 3 |  4- 6 || total
---------------------------+-------+-------++-------
  Melee: Rapier            |   108 |     1 ||   109
         Bite              |    26 |       ||    26
 Armour: Scale mail        |    74 |     2 ||    76
  Dodge: Dodged            |    39 |     1 ||    40
  Block: Buckler           |    20 |       ||    20

Table legend: (Time is in decaauts)
 A = Elapsed time spent in this place.
 B = Non-inter-level travel time spent in this place.
 C = Inter-level travel time spent in this place.
 D = Time resting spent in this place.
 E = Time spent auto-exploring this place.
 F = Levels seen in this place.
 G = Mean time per level.
                   A        B        C        D        E       F      G
               +--------+--------+--------+--------+--------+-----+--------+
         Total |   1067 |   1055 |     12 |      0 |    822 |   2 |  533.5 |
       Dungeon |   1067 |   1055 |     12 |      0 |    822 |   2 |  533.5 |
               +--------+--------+--------+--------+--------+-----+--------+

Top non-repeatable levels by time:
     D:1: 624 daAuts
     D:2: 442 daAuts
